 Dungeon Crawl Stone Soup version 0.22.0-27-ga576289 (webtiles) character file.

56 poirepourri the Magician (level 3, -1/24 HPs)
             Began as a Mummy Ice Elementalist on Aug 22, 2018.
             Slain by a centaur skeleton (3 damage)
             ... on level 2 of the Dungeon.
             The game lasted 00:03:30 (2893 turns).

poirepourri the Magician (Mummy Ice Elementalist)   Turns: 2893, Time: 00:03:31

Health: -1/24      AC:  3    Str: 11    XL:     3   Next: 71%
Magic:  5/9        EV: 12    Int: 15    God:
Gold:   43         SH:  0    Dex: 12    Spells: 6/12 levels left

rFire    x . .     SeeInvis .   (no weapon)
rCold    + . .     Gourm    .   (no shield)
rNeg     + + +     Faith    .   a - +0 robe
rPois    ∞         Spirit   .   (no helmet)
rElec    .         Reflect  .   (no cloak)
rCorr    .         Harm     .   g - +0 pair of gloves
MR       .....                  (no boots)
Stlth    ++........             (no amulet)
HPRegen  0.08/turn              (no ring)
MPRegen  0.11/turn              (no ring)

@: no status effects
A: no food or potions, fire vulnerability, cold resistance 1, negative energy
resistance 3, torment resistance, unbreathing
a: no special abilities


You were on level 2 of the Dungeon.
You were not hungry.

You visited 1 branch of the dungeon, and saw 2 of its levels.

You collected 43 gold pieces.

Inventory:

Armour
 a - a +0 robe (worn)
 b - a +0 buckler
 g - a +0 pair of gloves (worn)
Scrolls
 c - 2 scrolls of fog
 f - a scroll of remove curse


   Skills:
 - Level 1.5 Dodging
 - Level 1.5 Stealth
 + Level 5.1 Spellcasting
 - Level 0.7 Conjurations
 - Level 2.4 Ice Magic


You had 6 spell levels left.
You knew the following spells:

 Your Spells              Type           Power        Failure   Level  Hunger
a - Freeze                Ice            ##..         6%          1    N/A
b - Throw Frost           Conj/Ice       #.....       13%         2    N/A
c - Ozocubu's Armour      Chrm/Ice       #.......     28%         3    N/A

Your spell library contained the following spells:

 Spells                   Type           Power        Failure   Level  Hunger
 Throw Icicle             Conj/Ice       #.......     63%         4    N/A
 Summon Ice Beast         Ice/Summ       #.......     67%         4    N/A

Dungeon Overview and Level Annotations

Branches:
Dungeon (2/15)

Altars:
Fedhas
Vehumet


Innate Abilities, Weirdness & Mutations

You do not eat or drink.
Your flesh is vulnerable to fire.
You are immune to poison.
Your flesh is cold resistant. (rC+)
You are immune to negative energy. (rN+++)
You are immune to unholy pain and torment.
You can survive without breathing.


Message History

The centaur skeleton barely misses you.
The centaur skeleton's inner flame fades away.
Casting: Freeze (safe; 6% risk of failure)
Confirm with . or Enter, or press ? or * to list all spells.
Aiming: Freeze (safe; 6% risk of failure)
Press: ? - help, Shift-Dir - straight line, f - centaur skeleton
Aim: a centaur skeleton You freeze the centaur skeleton.
The centaur skeleton resists.
The centaur skeleton is lightly damaged.
The centaur skeleton hits you. x2
* * * LOW HITPOINT WARNING * * *
The centaur skeleton barely misses you.
The centaur skeleton closely misses you.
The centaur skeleton closely misses you.
The centaur skeleton hits you.
* * * LOW HITPOINT WARNING * * *
The centaur skeleton hits you.
* * * LOW HITPOINT WARNING * * *
The centaur skeleton hits you.
You die...

#...#.#.#.#.#######
#...............#
#.#####.##+##.#####.
#.......# #...###.#
#######.+ +.#.....#
#..# #..####....
##.##+##.## #.
#..Z......#
##.#@#.#.#####
######........#
.........###.#
..#.#....#
.._.....###.#
##.#........#
#.#...###### #.....#
#.. ###.#.# #.#


You could see a centaur skeleton.

Vanquished Creatures
  2 adders (D:2)
  2 dart slugs
  6 bats
  2 giant cockroaches
  3 goblins
  6 hobgoblins
  5 kobolds (D:1)
  5 frilled lizards
  6 rats
37 creatures vanquished.

Notes
Turn   | Place    | Note
-------+----------+-------------------------------------------
     0 | D:1      | poirepourri the Mummy Ice Elementalist began the quest for the Orb.
     0 | D:1      | Reached XP level 1. HP: 13/13 MP: 4/4
    62 | D:1      | Reached skill level 3 in Spellcasting
   517 | D:1      | Reached XP level 2. HP: 15/19 MP: 1/6
   951 | D:1      | Reached skill level 4 in Spellcasting
  1227 | D:1      | Learned a level 2 spell: Throw Frost
  1744 | D:2      | Reached XP level 3. HP: 4/24 MP: 6/9
  2232 | D:2      | Learned a level 3 spell: Ozocubu's Armour
  2460 | D:2      | Found a radiant altar of Vehumet.
  2599 | D:2      | Found a blossoming altar of Fedhas.
  2681 | D:2      | Reached skill level 5 in Spellcasting
  2892 | D:2      | HP: 1/24 [centaur skeleton (4)]
  2893 | D:2      | Slain by a centaur skeleton

Skill      XL: |  1  2  3 |
---------------+----------+-----
Spellcasting   | 3 4 5 |  5.1
Dodging        | |  1.5
Stealth        | |  1.5
Conjurations   | |  0.7
Ice Magic      | |  2.4

Action                   || total
-------------------------++-------
Melee: Unarmed           ||    41
 Cast: Freeze            ||    35
       Throw Frost       ||    19
  Use: Scroll            ||     5
Armor: Robe              ||    20
Dodge: Dodged            ||    50
